Map: Void Launch

Players

NamroodTuo

  • Race: Terran Terran
  • Spawn Location: 6:00

Sonimus

  • Race: Zerg Zerg
  • Spawn Location: 6:00

VOD

Have the link to the VOD?

Description

Time

  • Played on: March 19, 2023, 4:46 a.m.
  • Length: 25:45
Show
View Real Time Build Order
Export as new Build Order

NamroodTuo Terran 

Build Orders:  

Get SALT Encoding   

  12  0:11  SCV  
  13  0:24  SCV  
  13  0:28  Supply Depot  
  14  0:38  SCV  
  15  0:52  Refinery  
  15  0:58  SCV  
  16  1:11  SCV  
  17  1:25  SCV  
  18  1:38  SCV  
  19  1:44  Supply Depot  
  19  1:52  SCV  
  20  2:05  SCV  
  20  2:09  Refinery  
  21  2:19  SCV  
  22  2:32  SCV  
  23  2:46  SCV  
  23  2:48  Factory  
  24  3:00  SCV  
  25  3:13  SCV  
  25  3:15  Perdition Turret  
  26  3:27  SCV, Perdition Turret  
  26  3:28  Perdition Turret  
  27  3:39  Perdition Turret  
  27  3:40  SCV  
  28  3:54  SCV  
  28  3:59  Factory Tech Reactor  
  29  4:13  SCV  
  29  4:14  Engineering Bay  
  30  4:26  SCV  
  31  4:53  Supply Depot  
  31  4:56  Supply Depot  
  31  4:57  Supply Depot  
  31  5:13  SCV  
  31  5:19  Armory  
  32  5:25  Supply Depot  
  32  5:27  SCV  
  33  5:40  SCV  
  34  5:54  SCV  
  34  5:57  Command Center  
  35  6:04  Upgrade Laser Drill Level 1  
  35  6:07  SCV  
  36  6:11  Starport  
  36  6:21  SCV  
  37  6:34  SCV  
  37  6:39  Starport Tech Reactor  
  38  6:46  Regenerative Bio-Steel  
  38  6:58  Devastation Turret  
  38  7:10  SCV  
  38  7:11  Devastation Turret  
  39  7:21  Wraith  
  39  7:24  SCV  
  42  7:32  Wraith  
  44  8:01  Wraith  
  46  8:12  Wraith  
  48  8:32  Advanced Optics  
  48  8:36  SCV  
  49  8:41  Wraith  
  49  8:43  Refinery  
  49  8:49  Refinery  
  51  8:50  SCV  
  52  9:03  SCV  
  52  9:05  Starport  
  53  9:10  Fire-Suppression Systems  
  53  9:15  Wraith  
  53  9:17  SCV  
  56  9:30  SCV  
  57  9:46  Science Vessel  
  59  9:54  Pulse Amplifier  
  59  10:10  KMC Auto-Loaders  
  57  10:32  Terran Vehicle and Ship Weapons Level 1  
  57  11:02  SCV  
  58  11:16  SCV, Devastation Turret  
  58  11:18  Upgrade Laser Drill Level 2  
  58  11:19  Devastation Turret  
  59  11:29  SCV, Spinning Dizzy  
  59  11:37  Starport Tech Reactor  
  60  11:40  Structure Armor, Devastation Turret  
  60  11:43  SCV  
  55  11:50  Supply Depot  
  55  11:56  SCV  
  55  11:58  Science Vessel  
  55  11:59  Science Vessel  
  60  12:02  Devastation Turret x2  
  60  12:10  SCV  
  61  12:23  Supply Depot  
  61  12:24  SCV  
  62  12:37  SCV  
  63  12:41  Hi-Sec Auto Tracking  
  63  12:46  Science Vessel  
  63  12:47  Wraith  
  67  12:51  SCV  
  68  13:04  SCV  
  69  13:12  Terran Vehicle And Ship Armor Level 1  
  69  13:19  Supply Depot  
  69  13:22  Supply Depot  
  69  13:24  Supply Depot  
  69  13:26  Wraith  
  69  13:29  Displacement Field  
  71  13:33  Improved Nano-Repair  
  71  13:34  Wraith  
  71  13:36  Supply Depot  
  73  13:47  SCV  
  74  14:01  SCV  
  74  14:06  Wraith  
  77  14:14  Wraith  
  77  14:15  SCV  
  80  14:28  SCV  
  81  14:46  Wraith  
  83  14:54  Wraith  
  85  15:01  Wraith x2  
  89  15:26  Wraith  
  89  15:29  Spinning Dizzy  
  91  15:31  Devastation Turret  
  91  15:34  Wraith  
  91  15:35  Spinning Dizzy  
  91  15:37  Devastation Turret  
  93  15:41  Wraith x2  
  97  15:52  Terran Vehicle and Ship Weapons Level 2, Devastation Turret  
  97  16:06  Wraith  
  97  16:09  Spinning Dizzy  
  99  16:14  Wraith  
  101  16:21  Wraith x2  
  105  16:46  Wraith  
  102  17:44  Devastation Turret  
  102  18:12  Spinning Dizzy  
  102  18:23  SCV  
  103  18:32  Spinning Dizzy  
  103  18:37  SCV  
  103  18:39  Science Vessel, Wraith  
  108  18:40  Science Vessel, Wraith  
  108  18:49  Defensive Matrix  
  112  18:50  SCV  
  112  18:53  Spinning Dizzy  
  113  19:02  Terran Vehicle And Ship Armor Level 2  
  113  19:04  SCV  
  113  19:07  Devastation Turret  
  114  19:19  Science Vessel  
  116  19:20  Wraith  
  116  19:26  Devastation Turret  
  116  19:27  Science Vessel  
  116  19:28  Wraith  
  122  19:43  Spinning Dizzy  
  122  19:56  Spinning Dizzy  
  122  20:00  Science Vessel  
  122  20:05  SCV  
  122  20:09  Devastation Turret  
  125  20:13  Supply Depot  
  125  20:14  Supply Depot  
  125  20:17  Supply Depot  
  125  20:19  SCV  
  126  20:24  Spinning Dizzy  
  126  20:34  Spinning Dizzy  
  126  20:43  SCV, Wraith  
  126  20:46  Supply Depot, Devastation Turret  
  126  20:49  Supply Depot  
  129  20:51  Supply Depot  
  129  20:53  Science Vessel x2, Wraith  
  135  21:01  Perdition Turret  
  135  21:17  Perdition Turret  
  135  21:22  Supply Depot x2  
  135  21:23  Wraith  
  135  21:24  Supply Depot  
  137  21:30  Perdition Turret  
  137  21:33  Science Vessel  
  139  21:41  Science Vessel, Wraith  
  139  21:46  Perdition Turret  
  143  22:03  Wraith  
  145  22:11  Perdition Turret x3  
  145  22:12  Perdition Turret  
  145  22:21  Science Vessel, Wraith  
  148  22:36  Spinning Dizzy  
  148  22:48  Science Vessel, Wraith  
  152  22:50  Spinning Dizzy  
  152  23:01  Science Vessel  
  152  23:09  Wraith  
  156  23:28  Science Vessel  
  158  23:36  Wraith  
  160  23:45  Devastation Turret  
  160  23:49  Wraith x2  
Show
View Real Time Build Order
Export as new Build Order

Sonimus Zerg 

Build Orders:  

Get SALT Encoding   

  12  0:44  Drone x2  
  12  0:45  Spawning Pool  
  12  0:47  Drone  
  14  0:58  Overlord  
  14  1:23  Queen, Drone  
  14  1:27  Drone  
  18  1:34  Extractor  
  18  1:35  Drone  
  18  1:40  Drone  
  18  1:46  Drone  
  20  1:55  Extractor  
  20  1:56  Drone  
  20  2:07  Drone  
  21  2:20  Drone  
  22  2:33  Overlord  
  22  2:52  Overlord  
  22  2:59  Lair  
  22  3:05  Drone x3, Evolution Chamber  
  22  3:08  Drone  
  25  3:13  Drone  
  26  3:27  Drone  
  27  3:53  Drone  
  27  3:55  Drone  
  29  4:11  Overlord  
  29  4:12  Unknown  
  29  4:13  Hive  
  29  4:38  Hydralisk Den  
  28  5:08  Extractor  
  27  5:19  Spire  
  26  5:47  Hatchery  
  25  5:58  Drone x3  
  28  6:00  Drone  
  28  6:01  Drone x4  
  33  6:36  Drone x2  
  35  6:44  Unknown  
  35  6:48  Extractor, Queen  
  36  6:52  Rapid Regeneration  
  36  6:54  Heroic Fortitude  
  36  7:09  Mutalisk  
  38  7:12  Mutalisk  
  38  7:15  Drone x2  
  42  7:33  Drone  
  42  7:39  Drone  
  44  7:40  Drone  
  44  7:43  Drone x4  
  49  7:53  Zerg Flyer Weapons Level 1  
  47  8:34  Drone x5  
  52  8:43  Overlord  
  52  8:44  Overlord x6  
  52  9:05  Unknown  
  52  9:09  Mutalisk x2  
  56  9:12  Mutalisk x2  
  60  9:26  Mutalisk  
  60  9:27  Mutalisk x3  
  60  9:28  Mutalisk  
  70  9:30  Drone  
  70  9:31  Drone x2  
  70  9:32  Drone  
  74  11:03  Mutalisk  
  74  11:04  Mutalisk x5  
  86  11:16  Drone x2  
  86  11:17  Drone, Spine Crawler x2  
  87  11:20  Spine Crawler  
  87  11:21  Overlord  
  87  11:22  Overlord x5  
  87  11:25  Overlord  
  87  11:26  Overlord x5  
  84  12:03  Unknown  
  84  12:05  Zerg Flyer Weapons Level 2  
  84  12:09  Mutalisk x3  
  90  12:12  Zergling x2  
  90  12:13  Zergling x4  
  90  12:14  Zergling x2  
  90  12:15  Zergling x10  
  69  13:07  Mutalisk x2  
  69  13:08  Mutalisk x4  
  81  13:51  Mutalisk  
  81  13:52  Mutalisk x3  
  81  13:53  Zergling x6  
  81  13:55  Zergling x4  
  81  13:56  Zergling x2  
  91  14:58  Zergling x2  
  91  14:59  Zergling x10  
  97  15:00  Unknown  
  97  15:02  Zerg Melee Weapons Level 1  
  97  15:03  Unknown  
  97  15:06  Zergling x2  
  97  15:07  Zergling x10  
  103  15:10  Unknown  
  103  15:45  Zerg Flyer Weapons Level 3  
  103  15:46  Mutalisk x3  
  103  15:48  Mutalisk  
  103  15:49  Zergling x4  
  113  15:57  Mutalisk  
  115  16:02  Mutalisk  
  117  16:48  Mutalisk x4  
  117  16:49  Zergling x2  
  126  16:50  Zergling x10  
  126  16:51  Zergling x2  
  126  16:52  Zergling x16  
  137  17:51  Drone x6  
  137  17:52  Drone  
  144  18:11  Unknown  
  144  18:14  Mutalisk  
  146  18:21  Mutalisk x4  
  146  18:22  Mutalisk x2  
  146  18:23  Zergling x4  
  146  18:24  Zergling x6  
  163  18:37  Hardened Carapace  
  163  18:46  Spore Crawler  
  163  18:47  Spore Crawler  
  161  18:51  Spore Crawler  
  161  18:54  Spore Crawler  
  161  18:55  Spore Crawler  
  161  18:57  Spore Crawler  
  161  18:58  Spore Crawler  
  125  19:46  Mutalisk  
  125  19:47  Mutalisk x5  
  125  19:49  Mutalisk  
  139  19:50  Zergling x2  
  139  19:51  Zergling x12  
  146  20:57  Mutalisk x3  
  146  20:58  Mutalisk x2  
  156  21:00  Zergling x2  
  156  21:01  Zergling x12  
  160  22:31  Mutalisk  
  160  22:32  Mutalisk x5  
  160  22:37  Mutalisk  
  160  22:38  Zergling x2, Mutalisk  
  160  22:39  Zergling x6  
  180  23:16  Shredding Claws  
  180  23:24  Zergling x2  
  180  23:25  Zergling x10  
  180  23:27  Zergling x6  
  180  23:28  Zergling x6  
  192  24:18  Mutalisk  
  192  24:19  Mutalisk x2  
  198  24:21  Zergling x2  
Tags
 
Commander
KerriganSwann
Matchup
Co-op
Replay Pack
Multiplayer
Add a new tag
Caveats
  • Supply blocks, unpowered buildings, or Contaminate may cause inaccurate times.
  • Supply counts are checked every 10 seconds.